 Dungeon Crawl Stone Soup version 0.30-a0-168-g0b976cbdc4 (webtiles) character file.

Game seed: 15651745275265525152

36 qw the Chopper (level 3, -3/23 HPs)
             Began as a Gargoyle Fighter on Sept 29, 2022.
             Killed by nerve-wracking pain
             ... invoked by an orc priest
              (5 damage)
             ... on level 3 of the Dungeon.
             The game lasted 00:00:27 (1866 turns).

qw the Chopper (Gargoyle Fighter)                   Turns: 1866, Time: 00:00:27

Health: -3/23      AC: 10    Str: 21    XL:     3   Next: 37%
Magic:  3/3        EV:  9    Int:  8    God:
Gold:   221        SH:  4    Dex:  9    Spells: 2/2 levels left

rFire   . . .      SeeInvis .    Y - +0 war axe
rCold   . . .      Faith    .    c - +0 buckler
rNeg    + . .      Spirit   .    b - +0 scale mail
rPois   inf        Reflect  .    (no helmet)
rElec   +          Harm     .    (no cloak)
rCorr   .          Rampage  .    (no gloves)
Will    .....                    (no boots)
Stlth   ..........               (no amulet)
HPRegen 0.07/turn                (no ring)
MPRegen 0.08/turn                (no ring)

@: no status effects
A: sickness immunity, AC +3, negative energy resistance 1, electricity
resistance, torment resistance 1, petrification resistance
a: no special abilities


You were on level 3 of the Dungeon.
You visited 1 branch of the dungeon, and saw 3 of its levels.

You collected 221 gold pieces.


Innate Abilities, Weirdness & Mutations

You are immune to sickness and miasma.
Your stone body is resilient. (AC +3)
You are immune to poison.
You resist negative energy. (rN+)
You are resistant to electric shocks. (rElec)
You are resistant to unholy torment.
You are immune to petrification.


   Skills:
 - Level 3.2 Fighting
 + Level 3.3 Axes
 - Level 3.2 Armour
 - Level 3.2 Shields


You had 2 spell levels left.
You didn't know any spells.
Your spell library was empty.

Inventory:

Hand Weapons
 h - a +0 whip
 Y - a +0 war axe (weapon)
Armour
 b - a +0 scale mail (worn)
 c - a +0 buckler (worn)
Scrolls
 f - a scroll of identify
Potions
 a - a potion of curing
 d - a potion of might
 e - a potion of invisibility {unknown}
 g - a potion of attraction {unknown}
 i - a potion of lignification {unknown}
 j - a potion of degeneration {unknown}

Dungeon Overview and Level Annotations

Branches:
Dungeon (3/15)

Altars:


Message History

You slash the goblin!
You kill the goblin!
You start resting.
HP restored.
Things that are here:
a +0 dagger; a goblin corpse An orc priest comes into view.
It is wielding a +0 short sword.
The orc priest shouts!
An orc comes into view. It is wielding a +0 short sword.
1855 ||| Stepping ~*~*~tactically~*~*~ (hiding).
Things that are here:
a +0 dagger; a goblin corpse You start waiting.
An orc priest is nearby!
1858 ||| Stepping ~*~*~tactically~*~*~ (hiding).
1859 ||| Stepping ~*~*~tactically~*~*~ (hiding).
You start waiting.
An orc priest is nearby!
You slash the orc priest!
The orc priest is severely wounded.
The orc priest mumbles some strange prayers to Beogh against you.
Pain shoots through your body!
The orc priest hits you with a +0 short sword.
You barely miss the orc priest.
The orc priest is severely wounded.
The orc priest hits you but does no damage.
You barely miss the orc priest.
The orc priest is severely wounded.
The orc priest misses you.
You hit the orc priest.
The orc priest is severely wounded.
The orc priest calls down the wrath of Beogh upon you.
Beogh smites you!
Ouch! That really hurt!
The orc priest hits you with a +0 short sword.
You closely miss the orc priest.
The orc priest is severely wounded.
The orc priest invokes the aid of Beogh against you.
Pain shoots through your body!
You die...

## ###########.##
#......@o...>#...
#.#######........
#.# ##...#.## #.#
#.....# #.#
#..#### #.# #..#
#.# #..# #.# #o.#
#.# #####o.#


You could see an orc priest.

Vanquished Creatures
  An adder (D:3)
  A dart slug (D:2)
  2 ball pythons (D:2)
  3 endoplasms
  2 giant cockroaches
  3 goblins
  2 hobgoblins
  2 jackals (D:2)
  2 kobolds
  2 bats
  A rat (D:2)
21 creatures vanquished.

Notes
Turn   | Place    | Note
-------+----------+-------------------------------------------
     0 | D:1      | qw the Gargoyle Fighter began the quest for the Orb.
     0 | D:1      | Reached XP level 1. HP: 14/14 MP: 1/1
     0 | D:1      | 0 ||| qw: Version: 0.2-a-12-gaebbb33
     0 | D:1      | 0 ||| qw: Game counter: 1187
     0 | D:1      | 0 ||| qw: Always use a shield: true
     0 | D:1      | 0 ||| qw: God list: Okawaru
     0 | D:1      | 0 ||| qw: Allow faded altars: false
     0 | D:1      | 0 ||| qw: Do Orc after D:15 true
     0 | D:1      | 0 ||| qw: Do second Lair branch before Depths: true
     0 | D:1      | 0 ||| qw: Lair rune preference: random
     0 | D:1      | 0 ||| qw: Plans: Normal, Zot:1-4, God:TSO, Crypt, Tomb,
                  | Pan, Slime:5, Hells, Abyss, Orb
     0 | D:1      | 0 ||| PLANNING D:1-11
    67 | D:1      | 67 ||| DROPPING +0 hand axe of electrocution.
   305 | D:1      | Found a faded altar of an unknown god.
   323 | D:1      | 323 ||| DROPPING +0 club.
   362 | D:1      | Reached XP level 2. HP: 19/19 MP: 2/2
   852 | D:1      | 852 ||| DROPPING amulet of faith.
   853 | D:1      | 853 ||| READING scroll labelled IKOCATACOPS.
   854 | D:1      | 854 ||| READING 2 scrolls labelled TAJUMN UXKASEL.
   855 | D:1      | 855 ||| READING scroll labelled FEUS RAPPU.
   887 | D:2      | 887 ||| Stepping ~*~*~tactically~*~*~ (hiding).
   888 | D:2      | 888 ||| Stepping ~*~*~tactically~*~*~ (hiding).
   890 | D:2      | 890 ||| Stepping ~*~*~tactically~*~*~ (hiding).
   894 | D:2      | 894 ||| Stepping ~*~*~tactically~*~*~ (stealth).
  1522 | D:2      | Reached skill level 3 in Axes
  1712 | D:2      | 1712 ||| READING scroll labelled FERECK DYATEDA.
  1713 | D:2      | 1713 ||| READING 2 scrolls of identify.
  1713 | D:2      | 1713 ||| IDENTIFYING blue potion
  1754 | D:3      | Reached XP level 3. HP: 23/23 MP: 3/3
  1855 | D:3      | 1855 ||| Stepping ~*~*~tactically~*~*~ (hiding).
  1858 | D:3      | 1858 ||| Stepping ~*~*~tactically~*~*~ (hiding).
  1859 | D:3      | 1859 ||| Stepping ~*~*~tactically~*~*~ (hiding).
  1865 | D:3      | HP: 4/23 [orc priest/divine providence (15)]
  1866 | D:3      | Killed from afar by an orc priest

Levels and vault maps discovered:
D:1:      dpeg_arrival_solitude, layout_basic,
          dreamdust_ecumenical_altar_statues
D:2:      layout_basic, uniq_crazy_yiuf_cottage
D:3:      layout_loops_ring, mainiacjoe_overflow_concentric_impassable

Skill      XL: |  1  2 |
---------------+-------+-----
Axes           | 2 3 |  3.3
Fighting       | |  3.2
Armour         | |  3.2
Shields        | |  3.2

Action                   || total
-------------------------++-------
Melee: War axe           ||    81
  Use: Scroll            ||     5
Armor: Scale mail        ||    39
Dodge: Dodged            ||    46
Block: Buckler           ||     7

Table legend:
 A = Non-vault XP
 B = Vault XP
 C = Vault XP percentage of total XP
 D = Non-vault monster count
 E = Vault monster count
 F = Vault count percentage of total count
                 A         B        C        D         E       F
            +---------+---------+-------+---------+---------+-------
      Total |      52 |       0 |   0.0 |      21 |       0 |   0.0
            +---------+---------+-------+---------+---------+-------
        D:1 |      11 |       0 |   0.0 |       6 |       0 |   0.0
        D:2 |      22 |       0 |   0.0 |      11 |       0 |   0.0
        D:3 |      19 |       0 |   0.0 |       4 |       0 |   0.0
            +---------+---------+-------+---------+---------+-------
